NCAA
UTAH UTES @ FLORIDA GATORS
04/03/2026
 
TOP OF THE 1ST
Utah Utes batting - Pitching for Florida Gators : RHP Alex Crawford
Pitching: RHP Alex Crawford
Batting: RHB Bill Bourland 0-0: Ball
1-0: Fly out, F4 (Popup, 4M)
Batting: RHB Bennie McGrath 0-0: Ground out 5-3 (Groundball, 56)
Batting: SHB Ramón Velázquez 0-0: Ball
1-0: Foul Ball, location: 2F
1-1: Ball
2-1: Ball
3-1: Hit by Pitch
Batting: RHB Brandon Owen 0-0: Called Strike
0-1: Swinging Strike
0-2: Fly out, F6 (Line Drive, 6D)
Top of the 1st over - 0 run(s), 0 hit(s), 0 error(s), 1 left on base; Utah 0 - Florida 0
BOTTOM OF THE 1ST
Florida Gators batting - Pitching for Utah Utes : RHP Alexis MacLamond
Pitching: RHP Alexis MacLamond
Batting: RHB Stephen Black 0-0: Called Strike
0-1: Ball
1-1: Swinging Strike
1-2: Ball
2-2: Ball
3-2: Strikes out looking
Batting: RHB Seth Burgess 0-0: Foul Ball, location: 2F
0-1: Called Strike
0-2: Ball
1-2: Ball
2-2: Ball
3-2: Foul Ball, location: 2F
3-2: Base on Balls
Batting: RHB Butch Richardson 0-0: Called Strike
0-1: Ball
1-1: Foul Ball, location: 2F
1-2: Foul Ball, location: 2F
1-2: Strikes out swinging
Batting: RHB Jon Newsome 0-0: Called Strike
0-1: Called Strike
0-2: Foul Ball, location: 2F
0-2: Foul Ball, location: 2F
0-2: Ball
1-2: Foul Ball, location: 2F
1-2: Strikes out swinging
Bottom of the 1st over - 0 run(s), 0 hit(s), 0 error(s), 1 left on base; Utah 0 - Florida 0
TOP OF THE 2ND
Utah Utes batting - Pitching for Florida Gators : RHP Alex Crawford
Batting: SHB Glenn Hinton 0-0: Called Strike
0-1: Foul Ball, location: 2F
0-2: SINGLE (Groundball, 6MD)
Batting: SHB Brandon Manning 0-0: Ball
1-0: Foul Ball, location: 2F
1-1: Ball
2-1: Ball
3-1: Base on Balls
Glenn Hinton to second
Batting: RHB Patrick Chute 0-0: Ball
1-0: Swinging Strike
1-1: Called Strike
1-2: Ball
2-2: SINGLE (Groundball, 6)
Glenn Hinton to third
Brandon Manning to second
Runner from 3rd tries for Home, SAFE, no throw or cutoff
Batting: SHB Pablo Miranda 0-0: Called Strike
0-1: Called Strike
0-2: Ball
1-2: Ball
2-2: Foul Ball, location: 2F
2-2: SINGLE (Groundball, 4M)
Brandon Manning to third
Patrick Chute to second
Batting: RHB Larry Storms 0-0: Ball
1-0: DOUBLE (Flyball, 9LD)
Brandon Manning scores
Patrick Chute scores
Pablo Miranda to third
Batting: RHB Bill Bourland 0-0: Ball
1-0: SINGLE (Groundball, 5D)
Pablo Miranda scores
Larry Storms to third
Batting: RHB Bennie McGrath 0-0: Called Strike
0-1: Ball
1-1: Ball
2-1: Called Strike
2-2: DOUBLE (Groundball, 5L)
Larry Storms scores
Bill Bourland to third
Batting: SHB Ramón Velázquez 0-0: Ball
1-0: Called Strike
1-1: Swinging Strike
1-2: Fly out, F9 (Flyball, 89M)
Runner from 3rd tags up, SCORES, no throw
Batting: RHB Brandon Owen 0-0: Called Strike
0-1: Ball
1-1: Called Strike
1-2: Ground out 5-3 (Groundball, 56)
Batting: SHB Glenn Hinton 0-0: Called Strike
0-1: Ball
1-1: Ball
2-1: Foul Ball, location: 2F
2-2: Ball
3-2: Ground out 1-3 (Groundball, 13)
Top of the 2nd over - 6 run(s), 6 hit(s), 0 error(s), 1 left on base; Utah 6 - Florida 0
BOTTOM OF THE 2ND
Florida Gators batting - Pitching for Utah Utes : RHP Alexis MacLamond
Batting: RHB Luis Morales 0-0: Swinging Strike
0-1: Ball
1-1: Ball
2-1: Ball
3-1: Base on Balls
Batting: LHB Xavier Rivera 0-0: Foul Ball, location: 2F
0-1: Ball
1-1: Ball
2-1: Swinging Strike
2-2: Ball
3-2: Foul Ball, location: 2F
3-2: Base on Balls
Luis Morales to second
Batting: RHB Manny Gutiérrez 0-0: Called Strike
0-1: Foul Ball, location: 2F
0-2: Ball
1-2: Strikes out swinging
Batting: SHB Pedro Rodríguez 0-0: Swinging Strike
0-1: Ball
1-1: Called Strike
1-2: Ball
Wild Pitch!
Luis Morales to third
Xavier Rivera to second
2-2: Ball
3-2: Strikes out swinging
Batting: RHB Marshall Normore 0-0: Swinging Strike
0-1: Swinging Strike
0-2: Ball
1-2: Fly out, F8 (Flyball, 8RS)
Bottom of the 2nd over - 0 run(s), 0 hit(s), 0 error(s), 2 left on base; Utah 6 - Florida 0
TOP OF THE 3RD
Utah Utes batting - Pitching for Florida Gators : RHP Alex Crawford
Batting: SHB Brandon Manning 0-0: Ball
1-0: Swinging Strike
1-1: Fly out, F6 (Popup, 5F)
Batting: RHB Patrick Chute 0-0: Called Strike
0-1: SINGLE (Line Drive, 78M)
Batting: SHB Pablo Miranda 0-0: Called Strike
0-1: Fielders Choice at 2nd, 5-4 (Groundball, 56)
Batting: RHB Larry Storms 0-0: Called Strike
0-1: Swinging Strike
0-2: Strikes out swinging
Top of the 3rd over - 0 run(s), 1 hit(s), 0 error(s), 1 left on base; Utah 6 - Florida 0
BOTTOM OF THE 3RD
Florida Gators batting - Pitching for Utah Utes : RHP Alexis MacLamond
Batting: RHB Stephen Black 0-0: Bunt for hit - play at first, batter safe!
Batting: RHB Seth Burgess 0-0: Called Strike
0-1: Ball
1-1: Foul Ball, location: 2F
1-2: Hit by Pitch
Stephen Black to second
Batting: RHB Butch Richardson 0-0: Ball
1-0: Called Strike
1-1: Ball
Stephen Black steals 3rd base
Seth Burgess to second
2-1: Swinging Strike
2-2: Foul Ball, location: 2F
2-2: SINGLE (Line Drive, 6)
Stephen Black scores
Seth Burgess to third
Runner from 3rd tries for Home, SAFE, throw made home
Butch Richardson to second
Batting: RHB Jon Newsome 0-0: Called Strike
0-1: Ball
Butch Richardson steals 3rd base
1-1: Ground out 6-3 (Groundball, 6M)
Butch Richardson scores
Batting: RHB Luis Morales 0-0: Ball
1-0: Foul Ball, location: 2F
1-1: Called Strike
1-2: Fly out, F3 (Popup, 3F)
Batting: LHB Xavier Rivera 0-0: Ball
1-0: Ball
2-0: Called Strike
2-1: Fly out, F8 (Flyball, 8LS)
Bottom of the 3rd over - 3 run(s), 2 hit(s), 0 error(s), 0 left on base; Utah 6 - Florida 3
TOP OF THE 4TH
Utah Utes batting - Pitching for Florida Gators : RHP Alex Crawford
Batting: RHB Bill Bourland 0-0: SINGLE (Groundball, 6M)
Batting: RHB Bennie McGrath 0-0: Called Strike
0-1: Ball
1-1: SINGLE (Line Drive, 6MD)
Bill Bourland to second
Batting: SHB Ramón Velázquez 0-0: Called Strike
0-1: Called Strike
0-2: Ball
1-2: Ball
2-2: Strikes out swinging
Batting: RHB Brandon Owen 0-0: Foul Ball, location: 2F
0-1: Ball
1-1: Ball
2-1: Ball
3-1: SINGLE (Groundball, 4M)
Bill Bourland to third
Bennie McGrath to second
Runner from 3rd tries for Home, SAFE, no throw or cutoff
Pitching: RHP John Baker
Batting: SHB Glenn Hinton 0-0: Ball
1-0: Ball
2-0: SINGLE (Flyball, 7S)
Bennie McGrath to third
Brandon Owen to second
Runner from 3rd tries for Home, SAFE, throw made home
Batting: SHB Brandon Manning 0-0: Ball
1-0: Ball
2-0: Called Strike
2-1: Called Strike
2-2: Foul Ball, location: 2F
2-2: Strikes out swinging
Batting: RHB Patrick Chute 0-0: Called Strike
0-1: Ball
1-1: Foul Ball, location: 2F
1-2: Ball
2-2: Ball
3-2: Base on Balls
Brandon Owen to third
Glenn Hinton to second
Batting: SHB Pablo Miranda 0-0: Ball
1-0: Fly out, F7 (Flyball, 7M)
Top of the 4th over - 2 run(s), 4 hit(s), 0 error(s), 3 left on base; Utah 8 - Florida 3
BOTTOM OF THE 4TH
Florida Gators batting - Pitching for Utah Utes : RHP Alexis MacLamond
Batting: RHB Manny Gutiérrez 0-0: Ball
1-0: Ball
2-0: Foul Ball, location: 2F
2-1: Ball
3-1: Base on Balls
Batting: SHB Pedro Rodríguez 0-0: Fly out, F7 (Popup, 7S)
Batting: RHB Marshall Normore 0-0: Called Strike
0-1: Ground out 5-3 (Groundball, 5S)
Manny Gutiérrez to second
Pitching: RHP Randy Lovell
Batting: RHB Stephen Black 0-0: Called Strike
0-1: Fly out, F9 (Flyball, 9LM)
Bottom of the 4th over - 0 run(s), 0 hit(s), 0 error(s), 1 left on base; Utah 8 - Florida 3
TOP OF THE 5TH
Utah Utes batting - Pitching for Florida Gators : RHP John Baker
Batting: RHB Larry Storms 0-0: Ball
1-0: Swinging Strike
1-1: Ball
2-1: Ball
3-1: Foul Ball, location: 2F
3-2: Base on Balls
Batting: RHB Bill Bourland 0-0: Foul Ball, location: 2F
0-1: Ball
1-1: Swinging Strike
1-2: Strikes out looking
Batting: RHB Bennie McGrath 0-0: Ball
1-0: Ball
2-0: Ball
3-0: Base on Balls
Larry Storms to second
Batting: SHB Ramón Velázquez 0-0: Called Strike
0-1: Called Strike
0-2: Ball
1-2: Ball
2-2: Ball
3-2: Foul Ball, location: 2F
3-2: Base on Balls
Larry Storms to third
Bennie McGrath to second
Batting: RHB Brandon Owen 0-0: Ball
1-0: Called Strike
1-1: Called Strike
1-2: Fly out, F7 (Flyball, 7S)
Batting: SHB Glenn Hinton 0-0: Ball
1-0: Ground out 4-3 (Groundball, 4)
Top of the 5th over - 0 run(s), 0 hit(s), 0 error(s), 3 left on base; Utah 8 - Florida 3
BOTTOM OF THE 5TH
Florida Gators batting - Pitching for Utah Utes : RHP Randy Lovell
Batting: RHB Seth Burgess 0-0: Bunted foul
0-1: Foul Ball, location: 2F
0-2: Strikes out swinging
Batting: RHB Butch Richardson 0-0: Ball
1-0: Foul Ball, location: 2F
1-1: Hit by Pitch
Pinch Runner at 1st Artie Jackson:
Batting: RHB Jon Newsome 0-0: Swinging Strike
0-1: Ball
1-1: Foul Ball, location: 2F
1-2: Ball
2-2: Ball
3-2: Base on Balls
Artie Jackson to second
Batting: RHB Luis Morales 0-0: Foul Ball, location: 2F
0-1: Swinging Strike
0-2: Foul Ball, location: 2F
0-2: Strikes out swinging
Batting: LHB Xavier Rivera 0-0: Ball
1-0: Ball
2-0: Ball
3-0: Called Strike
3-1: 3-RUN HOME RUN (Line Drive, 9LD), Distance : 343 ft
Batting: RHB Manny Gutiérrez 0-0: Called Strike
0-1: Ball
1-1: Ball
2-1: Ball
3-1: Called Strike
3-2: Base on Balls
Batting: SHB Pedro Rodríguez 0-0: Ball
1-0: Ball
2-0: Ball
3-0: Base on Balls
Manny Gutiérrez to second
Batting: RHB Marshall Normore 0-0: Ball
1-0: Foul Ball, location: 2F
1-1: Foul Ball, location: 2F
1-2: Ball
2-2: Foul Ball, location: 2F
2-2: Ball
3-2: Base on Balls
Manny Gutiérrez to third
Pedro Rodríguez to second
Batting: RHB Stephen Black 0-0: Called Strike
0-1: Ball
1-1: Ball
2-1: Foul Ball, location: 2F
2-2: Ball
3-2: Foul Ball, location: 2F
3-2: Foul Ball, location: 2F
3-2: Fly out, F9 (Flyball, 9S)
Bottom of the 5th over - 3 run(s), 1 hit(s), 0 error(s), 3 left on base; Utah 8 - Florida 6
TOP OF THE 6TH
Utah Utes batting - Pitching for Florida Gators : RHP John Baker
Now at 2B: Artie Jackson
Batting: SHB Brandon Manning 0-0: Ball
1-0: Ball
2-0: Ground out 1-3 (Groundball, 2R)
Batting: RHB Patrick Chute 0-0: Ball
1-0: Swinging Strike
1-1: Swinging Strike
1-2: Strikes out swinging
Pitching: RHP Dave Guzmán
Batting: SHB Pablo Miranda 0-0: Called Strike
0-1: Ground out 4-3 (Groundball, 4)
Top of the 6th over - 0 run(s), 0 hit(s), 0 error(s), 0 left on base; Utah 8 - Florida 6
BOTTOM OF THE 6TH
Florida Gators batting - Pitching for Utah Utes : RHP Randy Lovell
Pitching: RHP Pablo Galván
Batting: RHB Seth Burgess 0-0: Ground out 5-3 (Groundball, 56)
Batting: RHB Artie Jackson 0-0: Called Strike
0-1: Fly out, F7 (Flyball, 78M)
Batting: RHB Jon Newsome 0-0: Swinging Strike
0-1: Swinging Strike
0-2: Ball
1-2: Ball
2-2: Strikes out swinging
Bottom of the 6th over - 0 run(s), 0 hit(s), 0 error(s), 0 left on base; Utah 8 - Florida 6
TOP OF THE 7TH
Utah Utes batting - Pitching for Florida Gators : RHP Dave Guzmán
Batting: RHB Larry Storms 0-0: Called Strike
0-1: Foul Ball, location: 2F
0-2: Strikes out swinging
Batting: RHB Bill Bourland 0-0: Ball
1-0: Ground out 6-3 (Groundball, 6)
Batting: RHB Bennie McGrath 0-0: Called Strike
0-1: Called Strike
0-2: Ball
1-2: Ball
2-2: Ball
3-2: Strikes out swinging
Top of the 7th over - 0 run(s), 0 hit(s), 0 error(s), 0 left on base; Utah 8 - Florida 6
BOTTOM OF THE 7TH
Florida Gators batting - Pitching for Utah Utes : RHP Pablo Galván
Batting: RHB Luis Morales 0-0: Foul Ball, location: 2F
0-1: SINGLE (Flyball, 7LS)
Batting: LHB Xavier Rivera 0-0: Ball
Luis Morales is caught stealing 2nd base
1-0: Ball
2-0: Foul Ball, location: 2F
2-1: Ball
3-1: Called Strike
3-2: Base on Balls
Batting: RHB Manny Gutiérrez 0-0: Ball
1-0: Ball
2-0: Ball
3-0: Base on Balls
Xavier Rivera to second
Batting: SHB Pedro Rodríguez 0-0: Swinging Strike
0-1: Foul Ball, location: 2F
0-2: Ball
1-2: Strikes out swinging
Pinch Hitting: LHB Bob MacDonald 0-0: Called Strike
0-1: Fly out, F4 (Line Drive, 4)
Bottom of the 7th over - 0 run(s), 1 hit(s), 0 error(s), 2 left on base; Utah 8 - Florida 6
TOP OF THE 8TH
Utah Utes batting - Pitching for Florida Gators : RHP Dave Guzmán
Now in RF: Shayne Garneau
Batting: SHB Ramón Velázquez 0-0: Ball
1-0: Called Strike
1-1: Swinging Strike
1-2: SINGLE (Line Drive, 34)
Batting: RHB Brandon Owen 0-0: Ball
1-0: Ball
2-0: Fly out, F2 (Popup, 2LF)
Batting: SHB Glenn Hinton 0-0: Called Strike
0-1: Ball
1-1: Ball
2-1: Ball
3-1: Base on Balls
Ramón Velázquez to second
Batting: SHB Brandon Manning 0-0: Ball
1-0: Called Strike
1-1: Ball
2-1: Foul Ball, location: 2F
2-2: Strikes out swinging
Batting: RHB Patrick Chute 0-0: 3-RUN HOME RUN (Flyball, 8LXD), Distance : 405 ft
Batting: SHB Pablo Miranda 0-0: Ball
1-0: SINGLE (Line Drive, 6M)
Pitching: RHP Mike Walker
Batting: RHB Larry Storms 0-0: Ball
Wild Pitch!
Pablo Miranda to second
1-0: Ball
2-0: Called Strike
2-1: Ball
3-1: Ground out 6-3 (Groundball, 6)
Top of the 8th over - 3 run(s), 3 hit(s), 0 error(s), 1 left on base; Utah 11 - Florida 6
BOTTOM OF THE 8TH
Florida Gators batting - Pitching for Utah Utes : RHP Pablo Galván
Pitching: RHP Bruno Poulin
Batting: RHB Stephen Black 0-0: Ground out 6-3 (Groundball, 6)
Batting: RHB Seth Burgess 0-0: SINGLE (Groundball, 4MD)
Batting: RHB Artie Jackson 0-0: Ball
1-0: Ball
2-0: Called Strike
2-1: Ball
Wild Pitch!
Seth Burgess to second
3-1: Called Strike
3-2: Strikes out looking
Batting: RHB Jon Newsome 0-0: Ball
1-0: Ball
2-0: Fly out, F4 (Popup, 34D)
Bottom of the 8th over - 0 run(s), 1 hit(s), 0 error(s), 1 left on base; Utah 11 - Florida 6
TOP OF THE 9TH
Utah Utes batting - Pitching for Florida Gators : RHP Mike Walker
Batting: RHB Bill Bourland 0-0: Ball
1-0: Foul Ball, location: 2F
1-1: Called Strike
1-2: Foul Ball, location: 2F
1-2: Fly out, F3 (Line Drive, 3)
Batting: RHB Bennie McGrath 0-0: Fly out, F5 (Line Drive, 5)
Batting: SHB Ramón Velázquez 0-0: Called Strike
0-1: Swinging Strike
0-2: SINGLE (Line Drive, 6D)
Batting: RHB Brandon Owen 0-0: Ground out 2-3 (Groundball, 25)
Top of the 9th over - 0 run(s), 1 hit(s), 0 error(s), 1 left on base; Utah 11 - Florida 6
BOTTOM OF THE 9TH
Florida Gators batting - Pitching for Utah Utes : RHP Bruno Poulin
Batting: RHB Luis Morales 0-0: Swinging Strike
Single, Error in OF, E8, batter to second base
Batting: LHB Xavier Rivera 0-0: Ball
1-0: Ball
2-0: SINGLE (Line Drive, 4)
Luis Morales to third
Runner from 3rd tries for Home, SAFE, throw made home
Xavier Rivera to second
Batting: RHB Manny Gutiérrez 0-0: Ball
1-0: SINGLE (Line Drive, 8RS)
Xavier Rivera to third
Pitching: RHP Don William
Batting: SHB Pedro Rodríguez 0-0: Hit by Pitch
Manny Gutiérrez to second
Batting: RHB Shayne Garneau 0-0: Called Strike
0-1: Ball
1-1: Ball
2-1: Ball
3-1: Foul Ball, location: 2F
3-2: Base on Balls
Xavier Rivera scores
Manny Gutiérrez to third
Pedro Rodríguez to second
Batting: RHB Stephen Black 0-0: Ball
1-0: Swinging Strike
1-1: Fly out, F5 (Line Drive, 5)
1-1: Lined into DP, U5 (Line Drive, 5)
Batting: RHB Seth Burgess 0-0: Ball
1-0: Ground out 5-3 (Groundball, 5)
Bottom of the 9th over - 2 run(s), 3 hit(s), 1 error(s), 2 left on base; Utah 11 - Florida 8
Monday, December 5th, 2016 - OOTP Baseball 17.12 Build 75